cohdb
Replays
Latest Replays
All Replays
Popular Replays
Top Player Replays
Match Explorer
How It Works
Community
CoH3 Stats
Reddit
Sign in to upload your games and track your stats! →
Sign in with Steam
Match 43407031
Unlisted
Match 43407031
Overview
Messages
Build Orders
End
Panzergrenadier Squad
Selects Italian Infantry
Panzergrenadier Squad
250 Light Carrier
Panzergrenadier Squad
Construct Light Support Kompanie
2.5-tonne Medical Truck
Fire Support Elements
Selects Defensive Operations
Pak 38 Anti-tank Gun Team
MG34 Team
Pak 38 Anti-tank Gun Team
Vehicle Survival Package
Pak 38 Anti-tank Gun Team
Flakvierling Half-track
Selects Guastatori Squad
Guastatori Squad
Construct Panzerarmee Kommand
Panzer III L Medium Tank
Z-fuzi
(CB7) (DU)(7-4-7)(B0iz)
RunningWithFate
Onoyk
0
0
Comments
sign in to comment!
No comments posted yet!